 Dungeon Crawl Stone Soup version 0.31-a0-819-gf6de2f5ab6 (webtiles) character file.

Game seed: 13309119890367925112

273 Dirtsage the Chopper (level 6, -2/36 HPs)
             Began as a Gargoyle Gladiator on Sept 23, 2023.
             Slain by Edmund
             ... wielding a +4 flail of protection
              (3 damage)
             ... on level 4 of the Dungeon.
             The game lasted 00:04:31 (2528 turns).

Dirtsage the Chopper (Gargoyle Gladiator)           Turns: 2528, Time: 00:04:32

Health: -2/36      AC: 13    Str: 20    XL:     6   Next: 23%
Magic:  6/6        EV:  8    Int:  8    God:
Gold:   177        SH:  0    Dex: 11    Spells: 5/5 levels left

rFire   + . .        a - +0 war axe
rCold   + . .        (no shield)
rNeg    + . .        r - +0 chain mail
rPois   ∞            c - +0 helmet
rElec   +            (no cloak)
rCorr   +            (no gloves)
SInv    .            (no boots)
Will    +....        (no amulet) Stlth
                     (no ring)
HPRegen 0.26/turn    (no ring)
MPRegen 0.10/turn

%: no passive effects
@: resistant, enlightened, flying
A: sickness immunity, AC +4, negative energy resistance 1, electricity
resistance, torment resistance 1, petrification resistance
a: no special abilities


You were on level 4 of the Dungeon.
You visited 1 branch of the dungeon, and saw 4 of its levels.

You collected 177 gold pieces.

Inventory:

Hand Weapons
 a - a +0 war axe (weapon)
Missiles
 e - a javelin
Armour
 c - a +0 helmet (worn)
 r - a +0 chain mail (worn)
Scrolls
 b - 3 scrolls of fear {unknown}
 f - 4 scrolls of teleportation {unknown}
 g - a scroll of enchant armour {unknown}
 h - a scroll of enchant weapon {unknown}
 j - a scroll of amnesia {unknown}
 l - 2 scrolls of identify {unknown}
 n - 2 scrolls of immolation
 o - a scroll of revelation {unknown}
 q - a scroll of poison {unknown}


   Skills:
 + Level 2.5 Fighting
 * Level 6.0 Axes
 - Level 1.7 Throwing
 + Level 1.0 Armour
 - Level 2.4 Dodging


You had 5 spell levels left.
You didn't know any spells.
Your spell library contained the following spells:

 Spells                   Type           Power      Damage    Failure   Level
 Freeze                   Ice            0%         1d3       98%         1
 Dazzling Flash           Conj/Hex       0%         N/A       100%        3
 Frozen Ramparts          Ice            0%         1d1       100%        3
 Hailstorm                Conj/Ice       0%         3d3       100%        3
 Ignite Poison            Fire/Tmut/Pois 0%         N/A       100%        3
 Ozocubu's Armour         Ice            0%         N/A       100%        3
 Stone Arrow              Conj/Erth      0%         3d7       100%        3
 Animate Armour           Summ/Erth      0%         N/A       100%        4
 Agony                    Necr           0%         N/A       100%        5
 Freezing Cloud           Conj/Ice/Air   0%         6-21      100%        5
 Metabolic Englaciation   Hex/Ice        0%         N/A       100%        5
 Silence                  Hex/Air        0%         N/A       100%        5
 Simulacrum               Ice/Necr       0%         N/A       100%        6
 Lehudib's Crystal Spear  Conj/Erth      0%         10d2      100%        8
 Cigotuvi's Dreadful Rot  Necr/Pois/Air  Unusable   N/A       N/A         2

Dungeon Overview and Level Annotations

Branches:
Dungeon (4/15)
 Temple: D:4-7

Altars:

Annotations:
D:4 Edmund


Innate Abilities, Weirdness & Mutations

You are immune to sickness and miasma.
Your stone body is resilient. (AC +4)
You are immune to poison.
You resist negative energy. (rN+)
You are resistant to electric shocks. (rElec)
You are resistant to unholy torment.
You are immune to petrification.


Message History

You hit Edmund.
Edmund is heavily wounded.
Edmund struggles against the net.
The net rips apart, and Edmund comes free!
You hit Edmund but do no damage.
Edmund is heavily wounded.
Edmund hits you but does no damage.
You barely miss Edmund.
Edmund is heavily wounded.
Edmund hits you with a +4 flail of protection.
You take 6 damage, and have 12/36 hp.
You barely miss Edmund.
Edmund is heavily wounded.
Edmund barely misses you.
You hit Edmund but do no damage.
Edmund is heavily wounded.
Edmund hits you but does no damage. Edmund closely misses you.
You hit Edmund.
Edmund is severely wounded.
Edmund hits you with a +4 flail of protection.
You take 1 damage, and have 12/36 hp.
You hit Edmund but do no damage.
Edmund is severely wounded.
Edmund hits you with a +4 flail of protection!
* * * LOW HITPOINT WARNING * * *
You take 7 damage, and have 5/36 hp.
You barely miss Edmund.
Edmund is severely wounded.
Edmund says, "People will remember me!
They'll remember me and die!"
Edmund completely misses you.
You closely miss Edmund.
Edmund is severely wounded.
Edmund hits you with a +4 flail of protection.
* * * LOW HITPOINT WARNING * * *
You take 4 damage, and have 1/36 hp.
You hit Edmund but do no damage.
Edmund is severely wounded.
Edmund hits you with a +4 flail of protection.
You die...
Edmund whines, "They better pay attention to me now!"

##############
#######............#
.....................#
#.#######..#########..# ###
#.#)...............#..#
..##.##...........#...#..#
## ....#.........#[##
###..# #. #...#..######@###
#.P..# ..##...#.
#~.@......#P...# #..#...#
#~(....#..#.P..#
#...#.################....#
##.#......................#
#.##...#.####.####.##....#
#.######.####.####....####
#.# #...........####
#.##########.#######


You could see Edmund.

Vanquished Creatures
  A scorpion (D:4)
  2 orc priests (D:3)
  Jessica (D:2)
  Natasha (D:3)
  4 adders
  3 dart slugs
  A worm (D:3)
  4 orcs (D:3)
  6 ball pythons
  5 bats
  6 endoplasms
  3 giant cockroaches
  6 goblins
  A hobgoblin (D:2)
  5 kobolds
  A quokka (D:3)
  5 frilled lizards
  5 rats
60 creatures vanquished.

Notes
Turn   | Place    | Note
-------+----------+-------------------------------------------
     0 | D:1      | Dirtsage the Gargoyle Gladiator began the quest for the
                  | Orb.
     0 | D:1      | Reached XP level 1. HP: 12/12 MP: 1/1
   160 | D:1      | Reached skill level 3 in Axes
   164 | D:1      | Reached XP level 2. HP: 17/17 MP: 2/2
   464 | D:2      | Reached XP level 3. HP: 21/21 MP: 3/3
   626 | D:2      | Reached skill level 4 in Axes
   948 | D:2      | Reached XP level 4. HP: 22/26 MP: 4/4
   997 | D:2      | Noticed Jessica
  1010 | D:2      | Killed Jessica
  1013 | D:2      | Found a faded altar of an unknown god.
  1280 | D:3      | Reached skill level 5 in Axes
  1280 | D:3      | Reached XP level 5. HP: 17/30 MP: 5/5
  2006 | D:3      | Noticed Natasha
  2015 | D:3      | Killed Natasha
  2362 | D:4      | Reached skill level 1 in Armour
  2362 | D:4      | Reached XP level 6. HP: 23/36 MP: 6/6
  2412 | D:4      | Reached skill level 6 in Axes
  2498 | D:4      | Noticed Edmund
  2527 | D:4      | HP: 1/36 [Edmund/+4 flail of protection (5)]
  2528 | D:4      | Slain by Edmund

Illustrated notes

Levels and vault maps discovered:
D:1:      heliophobic_arrival_enchanted_forest, layout_rooms
D:2:      minmay_chambers_of_ones, layout_basic,
          hellmonk_ecumenical_altar_blasted, serial_bayou_pond_c, uniq_jessica
D:3:      layout_loops_ring, serial_bayou, serial_bayou_pond_e,
          serial_bayou_pond_d, serial_bayou_lake_a, serial_bayou_pond_d,
          serial_bayou_crossing, chequers_serial_rivers_room_a,
          corexii_hall_statues_l, uniq_natasha
D:4:      layout_loops_ring, kennysheep_mini_moat, makhleb_heckhound_becter,
          sigmund_edmund_badplayer

Skill      XL: |  1  2  3  4  5  6 |
---------------+-------------------+-----
Axes           | 3 4 5 6 |  6.0
Armour         | 1 |  1.0
Fighting       | |  2.5
Throwing       | |  1.7
Dodging        | |  2.4

Action                     |  1- 3 |  4- 6 || total
---------------------------+-------+-------++-------
  Melee: War axe           |    67 |   119 ||   186
         Punch             |     1 |       ||     1
  Throw: Throwing net      |       |     3 ||     3
    Use: Potion            |       |     3 ||     3
 Armour: Ring mail         |    43 |    57 ||   100
         Chain mail        |       |    16 ||    16
  Dodge: Dodged            |    34 |    55 ||    89

Table legend: (Time is in decaauts)
 A = Elapsed time spent in this place.
 B = Non-inter-level travel time spent in this place.
 C = Inter-level travel time spent in this place.
 D = Time resting spent in this place.
 E = Time spent auto-exploring this place.
 F = Levels seen in this place.
 G = Mean time per level.
                   A        B        C        D        E       F      G
               +--------+--------+--------+--------+--------+-----+--------+
         Total |   2621 |   2545 |     76 |      0 |   2058 |   4 |  655.2 |
       Dungeon |   2621 |   2545 |     76 |      0 |   2058 |   4 |  655.2 |
               +--------+--------+--------+--------+--------+-----+--------+

Top non-repeatable levels by time:
     D:3: 1106 daAuts
     D:2: 826 daAuts
     D:1: 465 daAuts
     D:4: 222 daAuts
